 Dungeon Crawl Stone Soup version 0.30-a0-187-gd9c2deaf24 (webtiles) character file.

Game seed: 7069674512432385410

645 pokeman the Thaumaturge (level 7, -2/38 HPs)
             Began as a Deep Elf Hedge Wizard on Oct 3, 2022.
             Succumbed to a water moccasin's poison
             ... on level 4 of the Dungeon.
             The game lasted 00:09:31 (6068 turns).

pokeman the Thaumaturge (Deep Elf Hedge Wizard)     Turns: 6068, Time: 00:09:32

Health: -2/38      AC:  6    Str:  7    XL:     7   Next: 27%
Magic:  10/20      EV: 13    Int: 21    God:
Gold:   218        SH:  0    Dex: 20    Spells: 8/22 levels left

rFire   + . .      SeeInvis .    u - +1 whip (elec)
rCold   . . .      Faith    .    (no shield)
rNeg    . . .      Spirit   .    s - +1 leather armour {rF+}
rPois   .          Reflect  .    c - +0 hat
rElec   .          Harm     .    x - +1 cloak {Will+}
rCorr   .          Rampage  .    (no gloves)
Will    +....                    (no boots)
Stlth   ++........               (no amulet)
HPRegen 0.26/turn                E - +6 ring of dexterity
MPRegen 0.17/turn                (no ring)

@: lethally poisoned (-2 -> -19)
A: no striking features
a: no special abilities


You were on level 4 of the Dungeon.
You visited 1 branch of the dungeon, and saw 5 of its levels.

You collected 218 gold pieces.

Inventory:

Hand Weapons
 u - a +1 whip of electrocution (weapon)
 w - a +3 quarterstaff of chaos
 G - a +0 shortbow
Armour
 c - a +0 hat (worn)
 s - a +1 leather armour of fire resistance (worn)
 x - a +1 cloak of willpower (worn)
Magical Staves
 i - a staff of cold
Jewellery
 E - a +6 ring of dexterity (left hand)
Wands
 r - a wand of flame (27)
Scrolls
 a - 2 scrolls of amnesia {unknown}
 f - 3 scrolls of silence {unknown}
 g - 5 scrolls of teleportation {unknown}
 h - 14 scrolls of identify {unknown}
 k - 4 scrolls of enchant armour {unknown}
 m - a scroll of noise {unknown}
 o - 5 scrolls of enchant weapon {unknown}
 v - a scroll of vulnerability {unknown}
 y - a scroll of poison {unknown}
 A - 2 scrolls of magic mapping {unknown}
 D - a scroll of acquirement {unknown}
 F - 2 scrolls of summoning {unknown}
Potions
 b - a potion of cancellation
 d - 2 potions of magic
 e - 2 potions of heal wounds {unknown}
 j - 2 potions of lignification {unknown}
 l - a potion of haste {unknown}
 n - 3 potions of curing {unknown}
 p - 2 potions of degeneration {unknown}
 q - a potion of resistance {unknown}
 t - a potion of mutation {unknown}
 z - 3 potions of brilliance {unknown}
 B - a potion of flight {unknown}
 C - a potion of might {unknown}


   Skills:
 + Level 1.2 Fighting
 - Level 1.0 Armour
 - Level 3.3 Dodging
 - Level 3.0 Stealth
 * Level 8.0 Spellcasting
 + Level 3.8 Conjurations
 - Level 1.1 Summonings
 - Level 1.1 Translocations
 - Level 1.2 Fire Magic
 + Level 0.9 Ice Magic
 - Level 1.1 Air Magic
 - Level 1.1 Poison Magic
 - Level 2.0 Evocations


You had 8 spell levels left.
You knew the following spells:

 Your Spells              Type           Power      Damage    Failure   Level
a - Magic Dart            Conj           96%        1d7       2%          1
b - Mephitic Cloud        Conj/Pois/Air  16%        N/A       16%         3
c - Call Imp              Summ           13%        N/A       11%         2
d - Blink                 Tloc           26%        N/A       11%         2
e - Starburst             Conj/Fire      9%         6d5       99%         6

Your spell library contained the following spells:

 Spells                   Type           Power      Damage    Failure   Level
 Momentum Strike          Conj/Tloc      36%        3d9       6%          2
 Apportation              Tloc           26%        N/A       8%          1
 Summon Small Mammal      Summ           52%        N/A       8%          1
 Poisonous Vapours        Pois/Air       26%        N/A       11%         2
 Necrotise                Necr           32%        1d5       12%         1
 Slow                     Hex            32%        N/A       12%         1
 Cigotuvi's Dreadful Rot  Necr/Pois/Air  22%        N/A       13%         2
 Dazzling Flash           Conj/Hex       32%        N/A       16%         3
 Lesser Beckoning         Tloc           26%        N/A       22%         3
 Iskenderun's Mystic Bla  Conj/Tloc      18%        2d6       38%         4


Dungeon Overview and Level Annotations

Branches:
Dungeon (5/15)
 Temple: D:4-7

Altars:


Message History

The water moccasin is heavily wounded.
The water moccasin bites you.
You are poisoned.
The water moccasin poisons you! The water moccasin closely misses you.
Casting: Magic Dart (safe; 2% risk of failure)
Confirm with . or Enter, or press ? or * to list all spells.
Aiming: Magic Dart (safe; 2% risk of failure)
Press: ? - help, Shift-Dir - straight line, f/p - water moccasin
Aim: a water moccasin (heavily wounded, 100% to hit)
The magic dart hits the water moccasin.
The water moccasin is heavily wounded.
You feel very sick.
The water moccasin completely misses you.
Casting: Magic Dart (safe; 2% risk of failure)
Confirm with . or Enter, or press ? or * to list all spells.
Aiming: Magic Dart (safe; 2% risk of failure)
Press: ? - help, Shift-Dir - straight line, f/p - water moccasin
Aim: a water moccasin (heavily wounded, 100% to hit)
The magic dart hits the water moccasin.
The water moccasin is severely wounded.
You feel very sick. The water moccasin bites you.
* * * LOW HITPOINT WARNING * * *
You are more poisoned.
The water moccasin poisons you!
Casting: Magic Dart (safe; 2% risk of failure)
Confirm with . or Enter, or press ? or * to list all spells.
Aiming: Magic Dart (safe; 2% risk of failure)
Press: ? - help, Shift-Dir - straight line, f/p - water moccasin
Aim: a water moccasin (severely wounded, 100% to hit)
The magic dart hits the water moccasin but does no damage.
The water moccasin is severely wounded.
* * * LOW HITPOINT WARNING * * *
You feel very sick. The water moccasin misses you.
The water moccasin closely misses you.
Casting: Magic Dart (safe; 2% risk of failure)
Confirm with . or Enter, or press ? or * to list all spells.
Okay, then.
It was a potion of cancellation.
You feel magically purged.
You die...

##..####.).)....#
#..# ####.)####
#..# #.....##
#..# #...#...
#..# ###..#.##
#..# #....#...
#..# #.#######
###..## #.<).#)..
#.@...# ####.#g##
#S#..### #.#.##
#5#....# #†..##
#>#..#.# ##.###
#.##...#
######...g
#.###.##
#.......## #.#
#.# #.#####.##
#.# #.# #.# #.##
##.###.# #.# #.##


You could see a water moccasin and an ufetubus.

Vanquished Creatures
  Sigmund (D:2)
  Edmund (D:4)
  A centaur (D:5)
  A howler monkey (D:4)
  Crazy Yiuf (D:2)
  2 iguanas
  4 gnolls (D:4)
  6 adders
  2 dart slugs (D:4)
  2 orcs
  8 ball pythons
  8 endoplasms
  7 giant cockroaches
  6 goblins
  8 hobgoblins
  2 jackals (D:2)
  4 quokkas
  5 bats
  3 frilled lizards
  7 kobolds
  5 rats
84 creatures vanquished.

Vanquished Creatures (others)
  A fungus (D:2)
1 creature vanquished.

Grand Total: 85 creatures vanquished

Notes
Turn   | Place    | Note
-------+----------+-------------------------------------------
     0 | D:1      | pokeman the Deep Elf Hedge Wizard began the quest for the
                  | Orb.
     0 | D:1      | Reached XP level 1. HP: 10/10 MP: 7/7
   338 | D:1      | Reached XP level 2. HP: 16/16 MP: 4/9
   640 | D:1      | Found a faded altar of an unknown god.
  1128 | D:1      | Reached skill level 5 in Spellcasting
  1561 | D:2      | Reached XP level 3. HP: 7/20 MP: 4/11
  1565 | D:2      | Learned a level 3 spell: Mephitic Cloud
  1568 | D:2      | Learned a level 2 spell: Call Imp
  1571 | D:2      | Learned a level 2 spell: Blink
  1762 | D:2      | Reached skill level 1 in Fighting
  1762 | D:2      | Reached skill level 1 in Armour
  2331 | D:2      | Noticed Sigmund
  2344 | D:2      | Killed Sigmund
  2345 | D:2      | Reached skill level 6 in Spellcasting
  2345 | D:2      | Reached skill level 1 in Evocations
  2345 | D:2      | Reached XP level 4. HP: 6/25 MP: 3/14
  2345 | D:2      | Reached XP level 5. HP: 7/29 MP: 3/15
  2943 | D:2      | Found a runed translucent door.
  2944 | D:2      | Noticed Crazy Yiuf
  2954 | D:2      | Killed Crazy Yiuf
  3880 | D:3      | Reached XP level 6. HP: 34/34 MP: 15/17
  3913 | D:3      | Learned a level 6 spell: Starburst
  4605 | D:4      | HP: 1/34 [something (10)]
  4751 | D:4      | Reached skill level 7 in Spellcasting
  4760 | D:4      | Reached skill level 1 in Poison Magic
  5465 | D:5      | Entered Level 5 of the Dungeon
  5570 | D:5      | Noticed an ice beast
  5636 | D:5      | Reached skill level 1 in Fire Magic
  5636 | D:5      | Reached skill level 1 in Air Magic
  5636 | D:5      | Reached XP level 7. HP: 38/38 MP: 15/20
  5734 | D:5      | Noticed a troll
  5735 | D:5      | Noticed a wraith
  5810 | D:5      | Noticed Edmund
  5825 | D:4      | Killed Edmund
  5826 | D:4      | Reached skill level 8 in Spellcasting
  6068 | D:4      | Succumbed to a water moccasin's poison

Illustrated notes

Levels and vault maps discovered:
D:1:      spicycebolla_green_bress_n_ham, layout_basic,
          shapermc_ecumenical_altar_venn
D:2:      layout_loops_corners, uniq_crazy_yiuf_cottage, uniq_sigmund
D:3:      layout_loops_corners, nicolae_hexahallways, minmay_fractal_squares_5
D:4:      layout_loops_ring
D:5:      kennysheep_big_flooded_room, layout_gridville, lemuel_crystal_altar,
          uniq_edmund

Skill      XL: |  1  2  3  4  5  6  7 |
---------------+----------------------+-----
Spellcasting   | 5 6 7 8 |  8.0
Fighting       | 1 |  1.2
Armour         | 1 |  1.0
Conjurations   | 2 3 |  3.8
Dodging        | 3 |  3.3
Evocations     | 1 2 |  2.0
Stealth        | 3 |  3.0
Poison Magic   | 1 |  1.1
Fire Magic     | 1 |  1.2
Air Magic      | 1 |  1.1
Summonings     | |  1.1
Translocations | |  1.1
Ice Magic      | |  0.9

Action                   |  1- 3 |  4- 6 |  7- 9 || total
-------------------------+-------+-------+-------++-------
Melee: Dagger            |    10 |       |       ||    10
       Whip              |       |    47 |    11 ||    58
 Cast: Magic Dart        |   105 |    98 |    12 ||   215
       Mephitic Cloud    |     1 |     9 |     3 ||    13
       Call Imp          |     1 |     1 |       ||     2
       Blink             |       |       |     2 ||     2
  Use: Potion            |       |       |     1 ||     1
 Stab: Confused          |     1 |     2 |     5 ||     8
Armor: Robe              |     4 |       |       ||     4
       Leather armour    |     1 |    13 |     3 ||    17
Dodge: Dodged            |    23 |    44 |    21 ||    88

Table legend: (Time is in decaauts)
 A = Elapsed time spent in this place.
 B = Non-inter-level travel time spent in this place.
 C = Inter-level travel time spent in this place.
 D = Time resting spent in this place.
 E = Time spent auto-exploring this place.
 F = Levels seen in this place.
 G = Mean time per level.
                   A        B        C        D        E       F      G
               +--------+--------+--------+--------+--------+-----+--------+
         Total |   6076 |   5825 |    251 |    404 |   4682 |   5 | 1215.2 |
       Dungeon |   6076 |   5825 |    251 |    404 |   4682 |   5 | 1215.2 |
               +--------+--------+--------+--------+--------+-----+--------+

Top non-repeatable levels by time:
     D:2: 1551 daAuts
     D:1: 1520 daAuts
     D:3: 1351 daAuts
     D:4: 1320 daAuts
     D:5: 332 daAuts
